AAA WEST
SALT LAKE BEES @ TACOMA RAINIERS
08/18/2041
 
TOP OF THE 1ST
Salt Lake Bees batting - Pitching for Tacoma Rainiers : RHP Bob Huff
Pitching: RHP Bob Huff
Batting: LHB Randy O'Day 0-0: Ball
1-0: Fly out, F4 (Line Drive, 4, EV 68.1 MPH)
Batting: RHB Joe Poole 0-0: Called Strike
0-1: Foul Ball, location: 9LDF
0-2: Ball
1-2: Ball
2-2: Ground out 6-3 (Groundball, 6, EV 78.1 MPH)
Batting: LHB Dan Powers 0-0: Foul Ball, location: 23FF
0-1: Called Strike
0-2: Ball
1-2: Foul Ball, location: 7LMF
1-2: Strikes out swinging
Top of the 1st over - 0 runs, 0 hits, 0 errors, 0 left on base; Salt Lake 0 - Tacoma 0
BOTTOM OF THE 1ST
Tacoma Rainiers batting - Pitching for Salt Lake Bees : RHP Tim Shaw
Pitching: RHP Tim Shaw
Batting: RHB Albert Rodríguez 0-0: Ball
1-0: Ball
2-0: Ball
3-0: Called Strike
3-1: Bunt for hit to 3S - play at first, batter OUT! 3-4
Batting: RHB Ron Walton 0-0: Ground out 4-3 (Groundball, 4, EV 110.0 MPH)
Batting: LHB José Ortíz 0-0: Called Strike
0-1: Ball
1-1: Foul Ball, location: 7LDF
1-2: Strikes out swinging
Bottom of the 1st over - 0 runs, 0 hits, 0 errors, 0 left on base; Salt Lake 0 - Tacoma 0
TOP OF THE 2ND
Salt Lake Bees batting - Pitching for Tacoma Rainiers : RHP Bob Huff
Batting: RHB Jorge Domínguez 0-0: Ball
1-0: Ball
2-0: Foul Ball, location: 25F
2-1: Fly out, F8 (Flyball, 89D, EV 106.3 MPH)
Batting: RHB António Martínez 0-0: Ball
1-0: Ball
2-0: Foul Ball, location: 2F
2-1: SINGLE (Groundball, 6MD, EV 105.0 MPH)
Batting: RHB Chris Nichols 0-0: Ball
1-0: Called Strike
1-1: Ball
2-1: Swinging Strike
2-2: Strikes out looking
Batting: RHB Phil Howard 0-0: Ball
1-0: Called Strike
1-1: Foul Ball, location: 9LSF
1-2: Foul Ball, location: 25F
1-2: Ground out 2-3 (Groundball, 2R, EV 70.6 MPH)
Top of the 2nd over - 0 runs, 1 hit, 0 errors, 1 left on base; Salt Lake 0 - Tacoma 0
BOTTOM OF THE 2ND
Tacoma Rainiers batting - Pitching for Salt Lake Bees : RHP Tim Shaw
Batting: RHB Rusty Smith 0-0: Called Strike
0-1: Called Strike
0-2: Ball
1-2: Foul Ball, location: 9LSF
1-2: SINGLE (Line Drive, 9S, EV 103.1 MPH)
Batting: RHB Víctor Hernández 0-0: Ball
1-0: Foul Ball, location: 9LMF
1-1: Called Strike
1-2: Hit by Pitch
Rusty Smith to second
Batting: LHB Elijah Malone 0-0: Ball
1-0: Foul Ball, location: 7LMF
1-1: Swinging Strike
1-2: Ball
2-2: Fielders Choice at 2nd, 3-6 (Groundball, 34, EV 85.6 MPH)
Rusty Smith to third
Batting: RHB José Rentería 0-0: Fly out, F9 (Flyball, 9, EV 91.3 MPH)
Batting: RHB Raúl Zamora 0-0: Ball
1-0: Called Strike
1-1: Fly out, F8 (Line Drive, 8LD, EV 92.5 MPH)
Bottom of the 2nd over - 0 runs, 1 hit, 0 errors, 2 left on base; Salt Lake 0 - Tacoma 0
TOP OF THE 3RD
Salt Lake Bees batting - Pitching for Tacoma Rainiers : RHP Bob Huff
Batting: RHB Randy Burrowes 0-0: Ball
1-0: Called Strike
1-1: Ball
2-1: Ball
3-1: Base on Balls
Batting: LHB Ed Rivera 0-0: Foul Ball, location: 2F
0-1: Ball
1-1: Bunted foul
1-2: Foul Ball, location: 2F
1-2: Ball
2-2: Ball
3-2: Strikes out swinging
Batting: LHB Randy O'Day 0-0: Called Strike
0-1: Swinging Strike
0-2: Strikes out swinging
Batting: RHB Joe Poole 0-0: SINGLE (Groundball, 56D, EV 108.1 MPH)
Randy Burrowes to second
Batting: LHB Dan Powers 0-0: Ball
1-0: Called Strike
1-1: Called Strike
1-2: Ball
2-2: Ball
3-2: Strikes out swinging
Top of the 3rd over - 0 runs, 1 hit, 0 errors, 2 left on base; Salt Lake 0 - Tacoma 0
BOTTOM OF THE 3RD
Tacoma Rainiers batting - Pitching for Salt Lake Bees : RHP Tim Shaw
Batting: LHB Ken Greene 0-0: DOUBLE (Line Drive, 7LM, EV 104.4 MPH)
Batting: RHB Albert Rodríguez 0-0: Bunted foul
0-1: Sac Bunt to 15 - play at first, batter safe!
Ken Greene to third
Batting: RHB Ron Walton 0-0: Ball
1-0: Fly out, F8 (Flyball, 8LD, EV 88.1 MPH)
Runner from 3rd tags up, SCORES, throw by CF
Batting: LHB José Ortíz 0-0: Ball
1-0: Ball
2-0: Called Strike
2-1: Foul Ball, location: 7LMF
2-2: Strikes out swinging
Batting: RHB Rusty Smith 0-0: Called Strike
0-1: Ball
Albert Rodríguez steals 2nd base
1-1: Ball
2-1: Foul Ball, location: 3SF
2-2: Ball
3-2: SINGLE (Groundball, 6D, EV 107.5 MPH)
Albert Rodríguez to third
Runner from 3rd tries for Home, SAFE, throw by LF to home
Batting: RHB Víctor Hernández 0-0: Foul Ball, location: 9LDF
0-1: SINGLE (Line Drive, 56, EV 98.1 MPH)
Rusty Smith to second
Batting: LHB Elijah Malone 0-0: Ball
1-0: Ground out U3 (Groundball, 13, EV 88.1 MPH)
Bottom of the 3rd over - 2 runs, 4 hits, 0 errors, 2 left on base; Salt Lake 0 - Tacoma 2
TOP OF THE 4TH
Salt Lake Bees batting - Pitching for Tacoma Rainiers : RHP Bob Huff
Batting: RHB Jorge Domínguez 0-0: Ball
1-0: Ball
2-0: Ball
3-0: Called Strike
3-1: Base on Balls
Batting: RHB António Martínez 0-0: Ball
Jorge Domínguez is caught stealing 2nd base 2-4
1-0: Called Strike
1-1: Ball
2-1: Ball
3-1: Base on Balls
Batting: RHB Chris Nichols 0-0: Ball
1-0: Fly out, F5 (Line Drive, 5, EV 74.4 MPH)
Batting: RHB Phil Howard 0-0: Foul Ball, location: 2F
0-1: Swinging Strike
0-2: Fly out, F7 (Flyball, 7D, EV 98.1 MPH)
Top of the 4th over - 0 runs, 0 hits, 0 errors, 1 left on base; Salt Lake 0 - Tacoma 2
BOTTOM OF THE 4TH
Tacoma Rainiers batting - Pitching for Salt Lake Bees : RHP Tim Shaw
Batting: RHB José Rentería 0-0: Called Strike
0-1: Ball
1-1: Foul Ball, location: 2F
1-2: Foul Ball, location: 9LSF
1-2: Ball
2-2: Ball
3-2: Base on Balls
Batting: RHB Raúl Zamora 0-0: Called Strike
0-1: Foul Ball, location: 23F
0-2: Ball
1-2: Grounds into double play, 4-6-3 (Groundball, 34, EV 103.1 MPH)
Batting: LHB Ken Greene 0-0: Swinging Strike
0-1: Swinging Strike
0-2: Foul Ball, location: 25F
0-2: Foul Ball, location: 2F
0-2: Ball
1-2: Strikes out looking
Bottom of the 4th over - 0 runs, 0 hits, 0 errors, 0 left on base; Salt Lake 0 - Tacoma 2
TOP OF THE 5TH
Salt Lake Bees batting - Pitching for Tacoma Rainiers : RHP Bob Huff
Batting: RHB Randy Burrowes 0-0: DOUBLE (Flyball, 78D, EV 97.5 MPH)
Batting: LHB Ed Rivera 0-0: Swinging Strike
0-1: Swinging Strike
0-2: Strikes out swinging
Batting: LHB Randy O'Day 0-0: Ball
1-0: Ground out 6-3 (Groundball, 6M, EV 84.4 MPH)
Randy Burrowes to third
Batting: RHB Joe Poole 0-0: Foul Ball, location: 25FF
0-1: Ball
1-1: Foul Ball, location: 3DF
1-2: Ground out 1-3 (Groundball, 15, EV 75.0 MPH)
Top of the 5th over - 0 runs, 1 hit, 0 errors, 1 left on base; Salt Lake 0 - Tacoma 2
BOTTOM OF THE 5TH
Tacoma Rainiers batting - Pitching for Salt Lake Bees : RHP Tim Shaw
Batting: RHB Albert Rodríguez 0-0: Called Strike
0-1: Called Strike
0-2: Ball
1-2: Foul Ball, location: 7LSF
1-2: Ball
2-2: SINGLE (Flyball, 4D, EV 89.4 MPH)
Batting: RHB Ron Walton 0-0: Ball
1-0: Swinging Strike
1-1: Ball
2-1: Swinging Strike
2-2: Foul Ball, location: 3FF
2-2: Ball
3-2: Foul Ball, location: 2F
3-2: Strikes out swinging
Albert Rodríguez steals 2nd base
Batter strikes out.
Batting: LHB José Ortíz 0-0: Ball
1-0: Called Strike
1-1: SINGLE (Groundball, 3D, EV 94.4 MPH)
Albert Rodríguez to third
Runner from 3rd tries for Home, SAFE, throw by RF to home
Batting: RHB Rusty Smith 0-0: Called Strike
0-1: Called Strike
0-2: Grounds into double play, 4-6-3 (Groundball, 34, EV 89.4 MPH)
Bottom of the 5th over - 1 run, 2 hits, 0 errors, 0 left on base; Salt Lake 0 - Tacoma 3
TOP OF THE 6TH
Salt Lake Bees batting - Pitching for Tacoma Rainiers : RHP Bob Huff
Batting: LHB Dan Powers 0-0: Foul Ball, location: 7LMF
0-1: Ball
1-1: Fly out, F8 (Flyball, 8LD, EV 94.4 MPH)
Batting: RHB Jorge Domínguez 0-0: Fly out, F4 (Popup, 4D, EV 56.3 MPH)
Batting: RHB António Martínez 0-0: Swinging Strike
0-1: Ball
1-1: Swinging Strike
1-2: Ball
2-2: Strikes out swinging
Top of the 6th over - 0 runs, 0 hits, 0 errors, 0 left on base; Salt Lake 0 - Tacoma 3
BOTTOM OF THE 6TH
Tacoma Rainiers batting - Pitching for Salt Lake Bees : RHP Tim Shaw
Batting: RHB Víctor Hernández 0-0: Ground out 6-3 (Groundball, P, EV 86.9 MPH)
Batting: LHB Elijah Malone 0-0: Ball
1-0: Foul Ball, location: 2F
1-1: Ground out 1-3 (Groundball, 34S, EV 71.3 MPH)
Batting: RHB José Rentería 0-0: Swinging Strike
0-1: Fly out, F9 (Line Drive, 9LS, EV 85.6 MPH)
Bottom of the 6th over - 0 runs, 0 hits, 0 errors, 0 left on base; Salt Lake 0 - Tacoma 3
TOP OF THE 7TH
Salt Lake Bees batting - Pitching for Tacoma Rainiers : RHP Bob Huff
Batting: RHB Chris Nichols 0-0: Ball
1-0: Called Strike
1-1: Ball
2-1: Fly out, F4 (Line Drive, 4, EV 68.8 MPH)
Batting: RHB Phil Howard 0-0: Called Strike
0-1: Ball
1-1: Ball
2-1: Called Strike
2-2: Foul Ball, location: 5FF
2-2: Ball
3-2: Strikes out swinging
Batting: RHB Randy Burrowes 0-0: Ball
1-0: Called Strike
1-1: Ball
2-1: Ball
3-1: Base on Balls
Batting: LHB Ed Rivera 0-0: Swinging Strike
0-1: Ground out 4-3 (Groundball, 34D, EV 80.6 MPH)
Top of the 7th over - 0 runs, 0 hits, 0 errors, 1 left on base; Salt Lake 0 - Tacoma 3
BOTTOM OF THE 7TH
Tacoma Rainiers batting - Pitching for Salt Lake Bees : RHP Tim Shaw
Batting: RHB Raúl Zamora 0-0: Fly out, F7 (Flyball, 7LMF, EV 78.1 MPH)
Batting: LHB Ken Greene 0-0: Ball
1-0: Ball
2-0: Ball
3-0: Foul Ball, location: 3F
3-1: Called Strike
3-2: Foul Ball, location: 25F
3-2: Base on Balls
Batting: RHB Albert Rodríguez 0-0: Ball
1-0: Ball
2-0: Called Strike
2-1: Grounds into double play, 4-6-3 (Groundball, 4, EV 81.9 MPH)
Bottom of the 7th over - 0 runs, 0 hits, 0 errors, 0 left on base; Salt Lake 0 - Tacoma 3
TOP OF THE 8TH
Salt Lake Bees batting - Pitching for Tacoma Rainiers : RHP Bob Huff
Batting: LHB Randy O'Day 0-0: Ball
1-0: Fly out, F7 (Flyball, 7, EV 98.8 MPH)
Batting: RHB Joe Poole 0-0: Ball
1-0: Called Strike
1-1: Foul Ball, location: 23F
1-2: Ball
2-2: SINGLE (Groundball, 56S, EV 70.6 MPH) (infield hit)
Batting: LHB Dan Powers 0-0: Ball
1-0: Ball
2-0: Ball
3-0: Called Strike
3-1: Base on Balls
Joe Poole to second
Batting: RHB Jorge Domínguez 0-0: Ball
1-0: Ball
2-0: Ball
3-0: Base on Balls
Joe Poole to third
Dan Powers to second
Pitching: RHP Phil Dryden
Pinch Hitting: LHB Raúl Vásquez 0-0: Ball
Wild Pitch!
Joe Poole scores
Dan Powers to third
Jorge Domínguez to second
1-0: Foul Ball, location: 3F
1-1: Ground out 5-3 (Groundball, 56S, EV 64.4 MPH)
Batting: RHB Chris Nichols 0-0: DOUBLE (Flyball, 89XD, EV 95.6 MPH)
Dan Powers scores
Jorge Domínguez scores
Pinch Hitting: LHB Joe Taylor 0-0: Called Strike
0-1: Ball
1-1: Fly out, F7 (Flyball, 7, EV 75.6 MPH)
Top of the 8th over - 3 runs, 2 hits, 0 errors, 1 left on base; Salt Lake 3 - Tacoma 3
BOTTOM OF THE 8TH
Tacoma Rainiers batting - Pitching for Salt Lake Bees : RHP Tim Shaw
Now at 2B: Chris Smith
Now at 3B: Ho-cheong Kim
Batting: LHB Dave Day 0-0: Foul Ball, location: 7LMF
0-1: Foul Ball, location: 3F
0-2: Foul Ball, location: 2F
0-2: Ball
1-2: Strikes out looking
Pitching: RHP José Gómez
Batting: LHB José Ortíz 0-0: Called Strike
0-1: Called Strike
0-2: Ball
1-2: Ball
2-2: Foul Ball, location: 5DF
2-2: Ground out U3 (Groundball, 34S, EV 81.3 MPH)
Batting: RHB Rusty Smith 0-0: Foul Ball, location: 2F
0-1: Ball
1-1: Ball
2-1: Ground out 4-3 (Groundball, 4, EV 81.3 MPH)
Bottom of the 8th over - 0 runs, 0 hits, 0 errors, 0 left on base; Salt Lake 3 - Tacoma 3
TOP OF THE 9TH
Salt Lake Bees batting - Pitching for Tacoma Rainiers : RHP Phil Dryden
Batting: RHB Randy Burrowes 0-0: Called Strike
0-1: Ball
1-1: Ball
2-1: Foul Ball, location: 2LF
2-2: Foul Ball, location: 2F
2-2: Fly out, F3 (Line Drive, 34, EV 67.5 MPH)
Batting: LHB Ed Rivera 0-0: Called Strike
0-1: Ball
1-1: Swinging Strike
1-2: Ball
2-2: Foul Ball, location: 2RF
2-2: Strikes out swinging
Batting: LHB Randy O'Day 0-0: Swinging Strike
0-1: Ball
1-1: Ground out U3 (Groundball, 3S, EV 88.8 MPH)
Top of the 9th over - 0 runs, 0 hits, 0 errors, 0 left on base; Salt Lake 3 - Tacoma 3
BOTTOM OF THE 9TH
Tacoma Rainiers batting - Pitching for Salt Lake Bees : RHP José Gómez
Pinch Hitting: LHB José Barrón 0-0: Called Strike
0-1: Ball
1-1: Called Strike
1-2: Strikes out swinging
Batting: LHB Elijah Malone 0-0: Called Strike
0-1: Ball
1-1: Ball
2-1: Ball
3-1: Called Strike
3-2: Foul Ball, location: 5SF
3-2: Base on Balls
Batting: RHB José Rentería 0-0: Ball
1-0: Fly out, F9 (Flyball, 89S, EV 90.0 MPH)
Batting: RHB Raúl Zamora 0-0: Called Strike
0-1: Ball
1-1: Ball
2-1: Swinging Strike
2-2: Ball
3-2: Foul Ball, location: 2F
3-2: Foul Ball, location: 2F
3-2: Foul Ball, location: 2F
3-2: Foul Ball, location: 2F
3-2: Base on Balls
Elijah Malone to second
Batting: LHB Ken Greene 0-0: Ball
1-0: Ball
2-0: Called Strike
2-1: Fly out, F8 (Line Drive, 8LM, EV 100.0 MPH)
Bottom of the 9th over - 0 runs, 0 hits, 0 errors, 2 left on base; Salt Lake 3 - Tacoma 3
TOP OF THE 10TH
Salt Lake Bees batting - Pitching for Tacoma Rainiers : RHP Phil Dryden
Now at C: Mitch Montoya
Batting: RHB Joe Poole 0-0: Called Strike
0-1: SINGLE (Groundball, 6S, EV 73.8 MPH) (infield hit)
Batting: LHB Dan Powers 0-0: Ball
1-0: Called Strike
1-1: Foul Ball, location: 23FF
1-2: Foul Ball, location: 7LSF
1-2: Ball
2-2: Foul Ball, location: 3F
2-2: Ball
3-2: TRIPLE (Flyball, 9D, EV 96.3 MPH)
Joe Poole scores
Batting: RHB Jorge Domínguez 0-0: Ground out 6-3 (Groundball, 6, EV 106.3 MPH)
Batting: LHB Chris Smith 0-0: Foul Ball, location: 7LMF
0-1: Foul Ball, location: 7LMF
0-2: Ball
1-2: Ball
2-2: Fly out, F6 (Popup, 6S, EV 77.5 MPH)
Batting: RHB Chris Nichols 0-0: Ball
1-0: Called Strike
1-1: Called Strike
1-2: Strikes out looking
Top of the 10th over - 1 run, 2 hits, 0 errors, 1 left on base; Salt Lake 4 - Tacoma 3
BOTTOM OF THE 10TH
Tacoma Rainiers batting - Pitching for Salt Lake Bees : RHP José Gómez
Pitching: RHP Andy Dunn
Now in LF: Randy Greenway
Pinch Hitting: LHB Sang-kuk Park 0-0: Fly out, F5 (Popup, 56, EV 63.1 MPH)
Batting: LHB Dave Day 0-0: Ball
1-0: Swinging Strike
1-1: Foul Ball, location: 2F
1-2: Foul Ball, location: 23F
1-2: Strikes out swinging, 2-3 out at first.
Batting: LHB José Ortíz 0-0: Foul Ball, location: 3F
0-1: Fly out, F4 (Line Drive, 4, EV 63.8 MPH)
Bottom of the 10th over - 0 runs, 0 hits, 0 errors, 0 left on base; Salt Lake 4 - Tacoma 3
Monday, April 1st , 2024 - OOTP Baseball 24.10 Build 82